General information
- name: BNet
- type: Ladder team game (AT/RT)
- host: Battle.net
- saver: dontfukwme
map: Deadlands
- players: 8
- length: 20:18
- speed: Fast
- version: 1.27 W3XP
- replay type: Public
» download(168 KB)
Players
team 1 (loser)
hmoobhmoobhmoob (
teal | 66 APM | 983 actions | 14:55)
3 Archmage
2 Summon Water Elemental
1 Brilliance Aura
2 Mountain King
1 Storm Bolt
1 Bash
2 Blood Mage
1 Siphon Mana
1 Flame Strike
» actions
| Basic commands | 52 | |
| Build / train | 68 | |
| Enter build submenu | 24 | |
| Enter hero's abilities submenu | 7 | |
| Give item / drop item | 3 | |
| Remove unit from queue | 2 | |
| Right click | 468 | |
| Select / deselect | 294 | |
| Use ability | 65 | |
983 total
» units
| Peasant | 14 | |
| Footman | 9 | |
| Dragonhawk Rider | 1 | |
| Knight | 4 | |
| Gryphon Rider | 3 | |
31 total
» upgrades
| Masonry | 1 | |
| Lumber Harvesting | 2 | |
| Swords | 2 | |
| Storm Hammers | 1 | |
| Animal War Training | 1 | |
7 total
» buildings
| Lumber Mill | 2 | |
| Farm | 10 | |
| Altar of Kings | 1 | |
| Barracks | 2 | |
| Arcane Vault | 1 | |
| Scout Tower | 1 | |
| Arcane Tower | 1 | |
| Keep | 1 | |
| Town Hall | 1 | |
| Blacksmith | 1 | |
| Castle | 1 | |
| Gryphon Aviary | 2 | |
24 total
» build order
00:11 Lumber Mill
00:16 Farm
00:37 Farm
00:47 Altar of Kings
01:02 Barracks
01:32 Farm
02:02 Arcane Vault
02:18 Farm
03:04 Scout Tower
03:39 Arcane Tower
04:06 Keep
04:47 Town Hall
05:30 Blacksmith
05:57 Farm
06:42 Castle
07:07 Gryphon Aviary
08:30 Barracks
08:32 Farm
11:04 Lumber Mill
11:25 Farm
11:26 Farm
11:28 Farm
11:30 Farm
11:53 Gryphon Aviary
» items
| Scroll of Regeneration | 4 | |
| Lesser Clarity Potion | 2 | |
| Orb of Fire | 1 | |
| Circlet of Nobility | 1 | |
| Boots of Speed | 1 | |
9 total
Soy1ConLaFuerza (
purple | 118 APM | 1567 actions | 13:19)
3 Archmage
2 Summon Water Elemental
1 Brilliance Aura
1 Mountain King
1 Storm Bolt
» actions
| Assign group hotkey | 45 | |
| Basic commands | 169 | |
| Build / train | 97 | |
| Enter build submenu | 27 | |
| Enter hero's abilities submenu | 4 | |
| Remove unit from queue | 8 | |
| Right click | 466 | |
| Select / deselect | 320 | |
| Select group hotkey | 347 | |
| Use ability | 84 | |
1567 total
» units
» upgrades
| Masonry | 1 | |
| Lumber Harvesting | 1 | |
| Swords | 2 | |
| Armor | 2 | |
| Storm Hammers | 1 | |
| Animal War Training | 1 | |
8 total
» buildings
| Altar of Kings | 1 | |
| Farm | 12 | |
| Town Hall | 1 | |
| Arcane Vault | 1 | |
| Scout Tower | 4 | |
| Lumber Mill | 1 | |
| Keep | 4 | |
| Guard Tower | 12 | |
| Blacksmith | 1 | |
| Castle | 4 | |
| Gryphon Aviary | 4 | |
| Barracks | 1 | |
46 total
» build order
00:09 Altar of Kings
00:11 Farm
00:57 Farm
02:50 Town Hall
04:29 Arcane Vault
04:46 Scout Tower
05:27 Scout Tower
05:33 Lumber Mill
05:34 Keep
05:34 Keep
05:35 Keep
05:36 Farm
06:34 Scout Tower
06:46 Guard Tower
06:46 Guard Tower
06:46 Guard Tower
06:46 Guard Tower
07:07 Guard Tower
07:07 Guard Tower
07:13 Blacksmith
07:15 Farm
07:22 Scout Tower
07:42 Farm
07:51 Guard Tower
07:51 Guard Tower
07:51 Guard Tower
07:55 Castle
07:56 Castle
07:56 Castle
07:56 Castle
07:58 Gryphon Aviary
08:01 Gryphon Aviary
08:06 Gryphon Aviary
08:21 Farm
08:25 Barracks
09:21 Farm
09:44 Gryphon Aviary
11:16 Farm
11:57 Farm
12:00 Farm
12:39 Farm
12:40 Farm
» items
| Lesser Clarity Potion | 1 | |
| Scroll of Regeneration | 2 | |
| Scroll of Town Portal | 1 | |
| Potion of Healing | 1 | |
5 total
waitingOnBae1 (
green | 70 APM | 1414 actions | 20:16)
7 Mountain King
3 Storm Bolt
3 Bash
1 Avatar
4 Paladin
2 Holy Light
1 Divine Shield
1 Devotion Aura
2 Archmage
1 Summon Water Elemental
1 Brilliance Aura
» actions
| Basic commands | 61 | |
| Build / train | 89 | |
| Enter build submenu | 35 | |
| Enter hero's abilities submenu | 13 | |
| Give item / drop item | 4 | |
| Right click | 635 | |
| Select / deselect | 453 | |
| Use ability | 124 | |
1414 total
» units
| Peasant | 19 | |
| Footman | 6 | |
| Rifleman | 8 | |
| Sorceress | 2 | |
| Mortar Team | 5 | |
| Knight | 1 | |
| Spell Breaker | 2 | |
| Flying Machine | 1 | |
| Siege Engine | 2 | |
46 total
» upgrades
| Defend | 1 | |
| Masonry | 1 | |
| Gunpowder | 2 | |
| Armor | 2 | |
| Long Rifles | 1 | |
| Animal War Training | 1 | |
| Fragmentation Shards | 1 | |
| Flak Cannons | 1 | |
| Barrage | 1 | |
11 total
» buildings
| Altar of Kings | 1 | |
| Barracks | 2 | |
| Farm | 10 | |
| Lumber Mill | 1 | |
| Scout Tower | 11 | |
| Town Hall | 2 | |
| Arcane Tower | 1 | |
| Guard Tower | 1 | |
| Blacksmith | 1 | |
| Keep | 1 | |
| Arcane Vault | 1 | |
| Castle | 1 | |
| Workshop | 3 | |
| Arcane Sanctum | 1 | |
| Cannon Tower | 2 | |
39 total
» build order
00:10 Altar of Kings
00:17 Barracks
00:23 Farm
00:41 Farm
01:38 Farm
03:01 Lumber Mill
04:20 Scout Tower
04:22 Scout Tower
04:24 Town Hall
04:25 Scout Tower
05:03 Arcane Tower
05:05 Guard Tower
05:42 Farm
06:14 Barracks
06:16 Blacksmith
06:32 Keep
06:34 Farm
06:43 Arcane Vault
06:45 Farm
07:08 Farm
07:53 Farm
09:05 Castle
09:10 Workshop
09:13 Arcane Sanctum
11:44 Farm
11:47 Farm
13:55 Workshop
13:58 Scout Tower
13:59 Scout Tower
14:02 Scout Tower
14:05 Scout Tower
16:00 Cannon Tower
16:35 Town Hall
16:37 Scout Tower
16:38 Scout Tower
16:40 Scout Tower
16:41 Scout Tower
16:46 Workshop
18:37 Cannon Tower
» items
| Lesser Clarity Potion | 1 | |
| Potion of Mana | 2 | |
| Scroll of Regeneration | 4 | |
| Scroll of Town Portal | 2 | |
9 total
FricK- (
red | 52 APM | 896 actions | 17:11)
3 Demon Hunter
2 Mana Burn
1 Evasion
2 Priestess of the Moon
1 Trueshot Aura
1 Searing Arrows
» actions
| Assign group hotkey | 17 | |
| Build / train | 55 | |
| Enter build submenu | 13 | |
| Enter hero's abilities submenu | 5 | |
| Give item / drop item | 3 | |
| Right click | 411 | |
| Select / deselect | 138 | |
| Select group hotkey | 224 | |
| Use ability | 30 | |
896 total
» units
| Wisp | 10 | |
| Huntress | 15 | |
| Druid of the Talon | 4 | |
| Dryad | 2 | |
| Gryphon Rider | 7 | |
38 total
» upgrades
| Strength of the Moon | 1 | |
| Moon Armor | 1 | |
| Abolish Magic | 1 | |
| Druid of the Talon Training | 1 | |
4 total
» buildings
| Moon Well | 5 | |
| Hunter's Hall | 1 | |
| Ancient of War | 1 | |
| Altar of Elders | 1 | |
| Tree of Ages | 2 | |
| Ancient of Wonders | 1 | |
| Ancient of Wind | 1 | |
| Ancient of Lore | 1 | |
| Tree of Life | 1 | |
14 total
» build order
00:12 Moon Well
01:25 Hunter's Hall
01:29 Ancient of War
01:41 Altar of Elders
01:54 Moon Well
02:10 Moon Well
02:12 Moon Well
04:54 Tree of Ages
06:35 Ancient of Wonders
07:30 Ancient of Wind
07:33 Ancient of Lore
08:46 Moon Well
11:52 Tree of Life
15:56 Tree of Ages
» items
team 2 (winner)

»
SyniCaL (
blue | 91 APM | 1854 actions | 20:17)
5 Death Knight
3 Death Coil
2 Unholy Aura
4 Lich
2 Frost Nova
2 Frost Armor
» actions
| Assign group hotkey | 27 | |
| Basic commands | 194 | |
| Build / train | 64 | |
| Enter build submenu | 20 | |
| Enter hero's abilities submenu | 9 | |
| Give item / drop item | 3 | |
| Remove unit from queue | 8 | |
| Right click | 560 | |
| Select / deselect | 159 | |
| Select group hotkey | 717 | |
| Use ability | 93 | |
1854 total
» units
| Acolyte | 4 | |
| Ghoul | 9 | |
| Crypt Fiend | 10 | |
| Obsidian Statue | 2 | |
| Frost Wyrm | 5 | |
30 total
» upgrades
| Creature Attack | 2 | |
| Destroyer Form | 1 | |
| Web | 1 | |
| Creature Carapace | 1 | |
| Freezing Breath | 1 | |
6 total
» buildings
| Graveyard | 1 | |
| Crypt | 1 | |
| Altar of Darkness | 1 | |
| Ziggurat | 8 | |
| Tomb of Relics | 1 | |
| Halls of the Dead | 1 | |
| Necropolis | 2 | |
| Slaughterhouse | 1 | |
| Black Citadel | 1 | |
| Sacrificial Pit | 1 | |
| Boneyard | 1 | |
19 total
» build order
00:29 Graveyard
00:33 Crypt
00:55 Altar of Darkness
00:58 Ziggurat
01:09 Tomb of Relics
01:28 Ziggurat
03:21 Ziggurat
04:22 Halls of the Dead
05:24 Necropolis
07:05 Slaughterhouse
07:08 Black Citadel
07:30 Necropolis
09:25 Ziggurat
09:40 Sacrificial Pit
10:42 Boneyard
13:24 Ziggurat
13:27 Ziggurat
13:29 Ziggurat
13:29 Ziggurat
» items
| Rod of Necromancy | 3 | |
| Sacrificial Skull | 1 | |
| Orb of Corruption | 1 | |
| Potion of Healing | 2 | |
| Scroll of Town Portal | 1 | |
| Potion of Mana | 1 | |
9 total

»
Pewpewkachoo (
orange | 62 APM | 1257 actions | 20:17)
4 Archmage
2 Summon Water Elemental
2 Brilliance Aura
3 Paladin
2 Holy Light
1 Divine Shield
» actions
| Assign group hotkey | 19 | |
| Basic commands | 37 | |
| Build / train | 75 | |
| Enter build submenu | 27 | |
| Enter hero's abilities submenu | 7 | |
| Remove unit from queue | 3 | |
| Right click | 578 | |
| Select / deselect | 309 | |
| Select group hotkey | 133 | |
| Use ability | 69 | |
1257 total
» units
| Peasant | 20 | |
| Footman | 4 | |
| Rifleman | 9 | |
| Gryphon Rider | 12 | |
| Dragonhawk Rider | -1 | |
44 total
» upgrades
| Lumber Harvesting | 2 | |
| Long Rifles | 1 | |
| Storm Hammers | 1 | |
| Swords | 1 | |
| Armor | 1 | |
6 total
» buildings
| Altar of Kings | 1 | |
| Farm | 11 | |
| Barracks | 1 | |
| Blacksmith | 1 | |
| Arcane Vault | 1 | |
| Town Hall | 2 | |
| Keep | 2 | |
| Scout Tower | 7 | |
| Lumber Mill | 1 | |
| Guard Tower | 7 | |
| Castle | 1 | |
| Gryphon Aviary | 3 | |
38 total
» build order
00:12 Altar of Kings
00:23 Farm
00:37 Barracks
00:56 Farm
01:34 Farm
02:16 Blacksmith
03:00 Farm
03:04 Arcane Vault
03:50 Farm
05:01 Town Hall
05:25 Keep
06:37 Scout Tower
06:39 Scout Tower
06:41 Scout Tower
06:48 Lumber Mill
07:29 Guard Tower
07:31 Guard Tower
08:08 Scout Tower
08:13 Keep
08:25 Guard Tower
08:45 Guard Tower
08:46 Guard Tower
08:46 Guard Tower
09:08 Scout Tower
09:11 Scout Tower
09:13 Scout Tower
09:18 Castle
10:18 Farm
10:19 Farm
10:20 Farm
10:39 Guard Tower
10:46 Gryphon Aviary
10:47 Gryphon Aviary
11:08 Gryphon Aviary
11:17 Farm
13:13 Farm
13:29 Farm
17:53 Town Hall
» items
| Orb of Fire | 2 | |
| Scroll of Regeneration | 1 | |
3 total
CMCG (
yellow | 106 APM | 2145 actions | 20:17)
5 Priestess of the Moon
1 Scout
3 Trueshot Aura
1 Searing Arrows
2 Keeper of the Grove
1 Entangling Roots
1 Thorns Aura
» actions
| Build / train | 87 | |
| Enter build submenu | 18 | |
| Enter hero's abilities submenu | 7 | |
| Give item / drop item | 1 | |
| Remove unit from queue | 9 | |
| Right click | 1568 | |
| Select / deselect | 374 | |
| Use ability | 81 | |
2145 total
» units
| Wisp | 20 | |
| Archer | 3 | |
| Huntress | 2 | |
| Dryad | 12 | |
| Druid of the Talon | 2 | |
39 total
» upgrades
| Strength of the Moon | 1 | |
| Sentinel | 1 | |
| Strength of the Wild | 2 | |
| Reinforced Hides | 2 | |
| Abolish Magic | 1 | |
| Druid of the Talon Training | 1 | |
8 total
» buildings
| Moon Well | 4 | |
| Altar of Elders | 1 | |
| Ancient of War | 1 | |
| Hunter's Hall | 1 | |
| Tree of Ages | 1 | |
| Ancient Protector | 2 | |
| Tree of Life | 4 | |
| Ancient of Lore | 2 | |
| Ancient of Wind | 1 | |
| Tree of Eternity | -1 | |
| Ancient of Wonders | 2 | |
18 total
» build order
00:21 Moon Well
01:07 Moon Well
01:29 Altar of Elders
01:34 Ancient of War
02:01 Moon Well
02:49 Moon Well
03:54 Hunter's Hall
04:34 Tree of Ages
05:02 Ancient Protector
05:06 Ancient Protector
06:18 Tree of Life
07:03 Ancient of Lore
07:38 Ancient of Wind
08:27 Tree of Life
09:23 Tree of Eternity
09:37 Ancient of Lore
12:42 Ancient of Wonders
13:24 Tree of Life
16:20 Ancient of Wonders
17:58 Tree of Life
» items
| Potion of Healing | 6 | |
| Potion of Mana | 2 | |
| Moonstone | 1 | |
| Lesser Clarity Potion | 1 | |
10 total
dontfukwme (
pink | 32 APM | 643 actions | 20:18)
1 Blood Mage
1 Banish
» actions
| Assign group hotkey | 6 | |
| Basic commands | 6 | |
| Build / train | 42 | |
| Enter build submenu | 28 | |
| Enter hero's abilities submenu | 1 | |
| Right click | 283 | |
| Select / deselect | 218 | |
| Select group hotkey | 17 | |
| Use ability | 42 | |
643 total
» units
| Peasant | 12 | |
| Mortar Team | 2 | |
| Siege Engine | 7 | |
21 total
» upgrades
| Gunpowder | 3 | |
| Armor | 1 | |
| Flare | 1 | |
| Fragmentation Shards | 1 | |
| Barrage | 1 | |
| Plating | 2 | |
| Lumber Harvesting | 1 | |
10 total
» buildings
| Lumber Mill | 4 | |
| Farm | 10 | |
| Altar of Kings | 1 | |
| Blacksmith | 1 | |
| Scout Tower | 2 | |
| Arcane Tower | 2 | |
| Guard Tower | 2 | |
| Keep | 1 | |
| Castle | 2 | |
| Workshop | 5 | |
| Town Hall | 1 | |
31 total
» build order
00:39 Lumber Mill
00:48 Lumber Mill
00:52 Lumber Mill
00:58 Farm
01:10 Altar of Kings
01:25 Blacksmith
02:09 Farm
02:12 Scout Tower
02:19 Scout Tower
02:43 Arcane Tower
02:43 Arcane Tower
02:46 Guard Tower
02:46 Guard Tower
02:52 Farm
03:21 Keep
04:50 Farm
04:53 Farm
04:54 Farm
05:52 Castle
06:04 Workshop
06:06 Workshop
06:09 Workshop
06:20 Workshop
07:34 Farm
09:01 Town Hall
14:32 Farm
14:33 Farm
14:37 Workshop
14:39 Lumber Mill
19:25 Farm
» items
Chat log
(00:25 / Allies) Pewpewkachoo: rush or CC?
(00:26 / Allies) SyniCaL: anyone wnt to fullfeed?
(00:32 / Allies) dontfukwme: fast mort
(01:00 / Allies) SyniCaL: ty
(01:02 / Allies) Pewpewkachoo: np
(03:30 / Allies) Pewpewkachoo: blue
(03:33 / Allies) SyniCaL: ?
(03:35 / Allies) Pewpewkachoo: can you help me clear expos
(03:37 / Allies) SyniCaL: yes
(04:21 / Allies) Pewpewkachoo: after
(05:06 / Allies) dontfukwme: did i see a bm
(05:15 / Allies) CMCG: hlp
(05:17 / Allies) CMCG: theyre hitting
(05:18 / Allies) Pewpewkachoo: omw
(05:29 / Allies) SyniCaL: theyre creeping that
(05:32 / Allies) SyniCaL: theyre not hitting
(05:34 / Allies) Pewpewkachoo: they are taking expos
(05:36 / Allies) dontfukwme: lets hit them
(05:41 / Allies) CMCG: yeah theyre just gonna go home....
(05:41 / Allies) dontfukwme: guys hit them
(05:54 / All) Soy1ConLaFuerza: FINSD
(06:30 / Allies) dontfukwme: theyre pretty aggressive
(06:32 / Allies) Pewpewkachoo: im omw
(06:35 / Allies) dontfukwme: cancel
(06:44 / Allies) dontfukwme: guys dont defend
(06:45 / Allies) dontfukwme: hit them
(06:46 / Allies) dontfukwme: force tp
(06:51 / Allies) dontfukwme: guys hit
(06:53 / Allies) dontfukwme: dont just defend
(07:00 / Allies) SyniCaL: shut up
(07:02 / Allies) Pewpewkachoo: i want my expo man, where are your morts?
(07:03 / Allies) SyniCaL: and get some fucking units
(07:11 / Allies) SyniCaL: then tell me how to play
(07:12 / Allies) dontfukwme: ur retarded lol
(07:24 / Allies) dontfukwme: if u werent retarded i wouldnt need to advise u
(07:40 / Allies) dontfukwme: u must have downsyndrome the way u play blue
(07:42 / Allies) dontfukwme: like a robot
(07:48 / Allies) dontfukwme: no brain
(08:34 / Allies) Pewpewkachoo: lumber please
(08:41 / Allies) dontfukwme: why dont yall hit their expo instead of being gay
(08:58 / Allies) dontfukwme: it might be hard to understand but theyre trying to distract us from their expos
(09:10 / Allies) SyniCaL: im done with this guy talking
(09:23 / Allies) dontfukwme: what r u gonna do squelch me
(09:32 / All) SyniCaL: nah im sitting in my base the rest of the game.
(09:33 / Allies) SyniCaL: enjoy
(09:33 / Allies) dontfukwme: u faggot watch this
(09:39 / Allies) Pewpewkachoo: blue
(09:40 / Allies) Pewpewkachoo: come please
(09:42 / Allies) Pewpewkachoo: with me and yellow
(09:45 / Allies) dontfukwme: watch this faggot
(09:48 / Allies) dontfukwme: this is how its done
(10:03 / Allies) dontfukwme: hey faggot u watching
(10:05 / Allies) dontfukwme: watch this faggot
(10:11 / Allies) Pewpewkachoo: relax man
(11:06 / Allies) dontfukwme: faggot i did more right there than u did in the entire game lol
(11:21 / Allies) Pewpewkachoo: lumber please
(12:01 / Allies) CMCG: gg
(12:08 / Allies) dontfukwme: why cuz ur a faggot?
(12:10 / Allies) Pewpewkachoo: i got gryphs coming
(12:17 / Allies) dontfukwme: b up faggot
(12:19 / Allies) dontfukwme: dont lose units
(12:20 / Allies) Pewpewkachoo: lumber please
(13:19 / All) SyniCaL: im not even trying pink pissed me off with his loud mouth.
(13:24 / All) dontfukwme: blues a lil bitch
(13:28 / All) dontfukwme: who gets pissed off by guys on the internet
(13:36 / All) SyniCaL: not pissed annoyed.
(13:42 / All) dontfukwme: ok faggot
(13:52 / Allies) Pewpewkachoo: lumber please
(14:00 / Allies) SyniCaL: make more workers?
(15:21 / Allies) dontfukwme: hey blue hows the faggot life
(15:23 / Allies) dontfukwme: iv always been curious
(15:47 / All) SyniCaL: nice green
(16:03 / All) dontfukwme: faggots of a feather
(16:05 / All) dontfukwme: flock together
(16:26 / All) SyniCaL: still wondering if you ever shut up lma
(16:35 / All) dontfukwme: still wondering if u ever stop being a faggot
(16:44 / All) SyniCaL: probably not
(16:59 / All) dontfukwme: poor red
(17:07 / All) dontfukwme: must be the worst game of his life
(17:15 / All) dontfukwme: lol
(17:18 / All) dontfukwme: rage quit
(17:54 / All) dontfukwme: carreid this game for my nooby teammates
(18:01 / All) Pewpewkachoo: Lol
(18:07 / All) Pewpewkachoo: thats the funniest thign I have heard him say all game
(18:17 / All) dontfukwme: funny like yo mammas butt
(18:25 / Allies) SyniCaL: b
(18:26 / Allies) SyniCaL: b
(18:26 / Allies) SyniCaL: b
(18:27 / Allies) SyniCaL: b
(18:27 / Allies) SyniCaL: b
(18:27 / Allies) SyniCaL: b
(18:28 / Allies) SyniCaL: b
(18:28 / Allies) SyniCaL: b
(18:28 / Allies) dontfukwme: lol
(18:36 / Allies) dontfukwme: u niggers shud be glad im carrying u
(19:03 / Allies) dontfukwme: 3 bases down
(19:04 / Allies) dontfukwme: niggas
(19:46 / All) Pewpewkachoo: gg
(19:47 / Allies) dontfukwme: explain where is red and teals army
(19:52 / Allies) dontfukwme: oh thats right they cant make it
(19:55 / Allies) dontfukwme: cuz i carried yall